 Dungeon Crawl Stone Soup version 0.30.0-29-ga12c61a403 (webtiles) character file.

Game seed: 14829881836730249842

7924 monsoonserge the Slicer (level 11, 0/127 HPs)
             Began as a Merfolk Monk on June 15, 2023.
             Was an Initiate of Gozag.
             Slain by a polar bear (3 damage)
             ... in an ice cave.
             The game lasted 00:29:38 (10245 turns).

monsoonserge the Slicer (Merfolk Monk)             Turns: 10245, Time: 00:29:39

Health: 0/127      AC:  5    Str: 12    XL:     11   Next: 22%
Magic:  14/14      EV: 16    Int: 10    God:    Gozag
Gold:   487        SH: 12    Dex: 20    Spells: 12/14 levels left

rFire   . . .        y - +7 rapier "Earthworm" {freeze, rC+}
rCold   + . .        I - +0 buckler
rNeg    . . .        S - +0 leather armour
rPois   +            (no helmet)
rElec   .            U - scarf {shadows}
rCorr   .            (no gloves)
SInv    +            r - +0 pair of boots
Will    .....        Y - amulet of reflection Stlth
                     F - ring of see invisible
HPRegen 0.41/turn    M - ring of poison resistance
MPRegen 0.14/turn

%: reflection
@: berserking, studying Shields, very quick
A: (nimble swimmer 2), mertail
a: Renounce Religion, Potion Petition, Call Merchant, Bribe Branch


You were in an ice cave.
You worshipped Gozag.
Gozag was aware of your devotion.
You visited 2 branches of the dungeon, and saw 13 of its levels.
You also visited: Ice Cave.

You collected 1272 gold pieces.
You spent 585 gold pieces at shops.
You paid 200 gold pieces to Gozag.

Inventory:

Hand Weapons
 y - the +7 rapier "Earthworm" (weapon) {freeze, rC+}
   (You found it on level 3 of the Dungeon)

   rC:        It protects you from cold.
 O - the +9 dire flail of Fundamental Breach {flame, *Rage rElec rF+++ Will+ Dex-3}
   (You took it off an ogre on level 5 of the Dungeon)

   Dex:       It affects your dexterity (-3).
   rF:        It renders you almost immune to fire.
   rElec:     It insulates you from electricity.
   *Rage:     It berserks you when you make melee attacks (+20% chance).
   Will:      It increases your willpower.
Missiles
 i - 30 poisoned darts
 K - 5 boomerangs (quivered)
 L - 3 silver boomerangs
Armour
 r - a +0 pair of boots (worn)
 I - a +0 buckler (worn)
 S - a +0 leather armour (worn)
 U - a scarf of shadows (worn)
Jewellery
 C - a ring of resist corrosion
 F - a ring of see invisible (left hand)
 M - a ring of poison resistance (right hand)
 Y - an amulet of reflection (around neck)
Wands
 w - a wand of polymorph (5)
 z - a wand of quicksilver (7)
 Q - a wand of charming (2)
 R - a wand of iceblast (12)
 V - a wand of flame (9)
 X - a wand of mindburst (3)
Scrolls
 f - 7 scrolls of teleportation {unknown}
 g - a scroll of summoning {unknown}
 h - 7 scrolls of identify {unknown}
 j - 5 scrolls of noise {unknown}
 l - 4 scrolls of immolation {unknown}
 s - 3 scrolls of enchant armour {unknown}
 u - a scroll of fear {unknown}
 D - 4 scrolls of enchant weapon {unknown}
 H - 2 scrolls of magic mapping {unknown}
 N - 3 scrolls of fog {unknown}
 P - a scroll of blinking {unknown}
 T - a scroll of vulnerability {unknown}
Potions
 a - 2 potions of curing {unknown}
 c - a potion of ambrosia
 m - 5 potions of mutation {unknown}
 n - 4 potions of flight {unknown}
 o - a potion of might {unknown}
 p - 2 potions of magic {unknown}
 q - 3 potions of brilliance {unknown}
 t - 2 potions of cancellation {unknown}
 v - 2 potions of attraction {unknown}
 A - 4 potions of lignification {unknown}
 B - 4 potions of heal wounds
 J - 3 potions of haste {unknown}
 W - a potion of invisibility {unknown}
Miscellaneous
 G - a condenser vane


   Skills:
 + Level 7.7 Fighting
 + Level 11.5(11.9) Short Blades
 - Level 4.8(8.8) Long Blades
 + Level 1.6 Throwing
 + Level 5.5 Armour
 + Level 7.2 Dodging
 + Level 2.6 Stealth
 * Level 8.2 Shields
 * Level 2.3 Spellcasting
 * Level 1.9 Hexes
 * Level 2.8 Ice Magic
 * Level 2.5 Evocations


You had 12 spell levels left.
You knew the following spells:

 Your Spells              Type           Power      Damage    Failure   Level
a - Ensorcelled Hibernat  Hex/Ice        10%        N/A       28%         2

Your spell library contained the following spells:

 Spells                   Type           Power      Damage    Failure   Level
 Cigotuvi's Dreadful Rot  Necr/Pois/Air  2%         N/A       58%         2
 Passwall                 Tmut/Erth      0%         N/A       58%         2
 Hailstorm                Conj/Ice       3%         3d3       63%         3
 Inner Flame              Hex/Fire       3%         N/A       69%         3
 Ignite Poison            Fire/Tmut/Pois 1%         N/A       83%         3
 Swiftness                Air            1%         N/A       83%         3
 Cause Fear               Hex            2%         N/A       91%         4
 Ice Form                 Ice/Tmut       3%         N/A       95%         4
 Flame Wave               Conj/Fire      1%         2d4       99%         4
 Olgreb's Toxic Radiance  Pois           1%         N/A       99%         4
 Sticky Flame             Conj/Fire      1%         2d3       99%         4
 Freezing Cloud           Conj/Ice/Air   1%         6-21      100%        5
 Dragon Form              Tmut           0%         N/A       100%        7
 Discord                  Hex            2%         N/A       100%        8
 Ignition                 Fire           0%         3d3       100%        8
 Dragon's Call            Summ           0%         N/A       100%        9
 Simulacrum               Ice/Necr       Unusable   N/A       N/A         6

Dungeon Overview and Level Annotations

Branches:
Dungeon (12/15)            Temple (1/1) D:6            Lair (0/5) D:11
  IceCv (1/1)
    Orc: D:9-12

Altars:
Ashenzari
Cheibriados
Dithmenos
Elyvilon
Fedhas
Gozag
Hepliaklqana
Kikubaaqudgha
Makhleb
Nemelex Xobeh
Okawaru
Qazlal
Ru
Sif Muna
Trog
Uskayaw
Vehumet
Wu Jian
Xom
Yredelemnul
Zin
The Shining One

Shops:
D:1 *   D:5 =   D:7 :

Annotations:
D:11 Erica


Innate Abilities, Weirdness & Mutations

((You are very nimble when in or above water. (Stealth+, EV+, Speed+++)))
Your lower body shifts to a powerful aquatic tail in water.


Message History

You block the polar bear's attack. x3
You hit the polar bear. You freeze the polar bear.
The polar bear is almost dead.
The polar bear bites you! The polar bear claws you.
* * * LOW HITPOINT WARNING * * *
The polar bear claws you.
* * * LOW HITPOINT WARNING * * *
Unknown command.
Okay, then.
You feel much better. The polar bear bites you!!
* * * LOW HITPOINT WARNING * * *
The polar bear closely misses you. The polar bear barely misses you.
You feel much better. The polar bear misses you.
You block the polar bear's attack. The polar bear misses you.
The polar bear bites you!!
* * * LOW HITPOINT WARNING * * *
The polar bear claws you but does no damage.
You block the polar bear's attack. [a] - 1044 gold - haste, resistance, heal wounds, curing and magic [b] - 200 gold - heal wounds and berserk rage [c] - 252 gold - brilliance and magic Purchase which effect?
You feel much better.
A red film seems to cover your vision as you go berserk!
You feel yourself moving faster!
You feel mighty! The polar bear bites you!!
* * * LOW HITPOINT WARNING * * *
You block the polar bear's attack. The polar bear claws you.
* * * LOW HITPOINT WARNING * * *
You hit the polar bear but do no damage.
The polar bear is almost dead.
The polar bear bites you!!
* * * LOW HITPOINT WARNING * * *
The polar bear claws you.
* * * LOW HITPOINT WARNING * * *
The polar bear closely misses you.
You barely miss the polar bear.
The polar bear is almost dead.
The polar bear closely misses you. The polar bear claws you.
You die...
Your body crumbles into a pile of gold.

# #..##### #
##......##### #
##..#........##
#..#####......#
# ##.##
###....# # #..#
####.# # #.##
#.## ###.# #.##
##..# # ##@#
##.## ##.#h##
#.## #..Yh# #.#
#..#Y#.# #.#
... #. .# #.#
.# ## ## ..#
.## .#


You could see a polar bear (berserk), 2 yaks and a wolf.

Vanquished Creatures
  3 oklob plants (D:11)
  2 trolls
  The ghost of Drain the Conjurer, an amateur DrCj (D:5)
  Prince Ribbit (D:6)
  2 polar bears (IceCv)
  A wyvern (D:8)
  3 yaks
  The ghost of olmar the Grasshopper, an amateur GnWr (D:4)
  Menkaure (D:6)
  2 acid dragons
  2 water moccasins
  A sky beast (D:7)
  2 black bears
  4 ogres
  5 wolves (IceCv)
  2 centaurs
  A phantom (D:4)
  2 kobold brigands
  6 bullfrogs
  3 scorpions
  A water moccasin zombie (D:5)
  9 wights
  12 killer bees
  4 howler monkeys
  2 hounds
  5 jellies
  6 orc priests
  2 sleepcaps
  Crazy Yiuf (D:3)
  11 iguanas
  Jessica (D:3)
  5 orc wizards
  A hound zombie (D:5)
  10 adders
  3 gnolls (D:5)
  A shadow imp (D:5)
  3 ufetubi
  2 worms
  5 dart slugs
  29 orcs
  3 endoplasms
  4 giant cockroaches
  8 goblins
  7 hobgoblins
  A jackal (D:4)
  6 quokkas
  4 ball pythons
  3 bats
  7 kobolds
  2 rats
203 creatures vanquished.

Notes
Turn   | Place    | Note
-------+----------+-------------------------------------------
     0 | D:1      | monsoonserge the Merfolk Monk began the quest for the Orb.
     0 | D:1      | Reached XP level 1. HP: 18/18 MP: 1/1
   193 | D:1      | Reached XP level 2. HP: 23/24 MP: 2/2
   247 | D:1      | Found Dykyuvad's General Store.
   724 | D:2      | Reached XP level 3. HP: 22/30 MP: 3/3
  1472 | D:3      | Reached XP level 4. HP: 37/37 MP: 4/4
  1650 | D:3      | Found a runed translucent door.
  1651 | D:3      | Noticed Crazy Yiuf
  1772 | D:3      | Identified the +7 rapier "Earthworm" {freeze, rC+}
  1890 | D:3      | Noticed Sigmund
  1960 | D:4      | Reached skill level 1 in Armour
  1960 | D:4      | Reached XP level 5. HP: 42/42 MP: 5/5
  1974 | D:4      | Reached skill level 1 in Short Blades
  1974 | D:4      | Reached skill level 5 in Dodging
  1989 | D:4      | Noticed an ogre
  2111 | D:4      | Found a white marble altar of Elyvilon.
  2149 | D:4      | Reached skill level 2 in Short Blades
  2149 | D:4      | Reached XP level 6. HP: 49/49 MP: 6/6
  2414 | D:4      | Reached skill level 3 in Short Blades
  2533 | D:4      | Reached skill level 5 in Fighting
  2533 | D:4      | Reached XP level 7. HP: 36/56 MP: 7/7
  2610 | D:5      | Entered Level 5 of the Dungeon
  2779 | D:5      | Reached skill level 4 in Short Blades
  2895 | D:5      | Reached skill level 5 in Short Blades
  3044 | D:5      | Noticed Drain's ghost (amateur DrCj)
  3047 | D:5      | Identified the +9 dire flail of Fundamental Breach {flame,
                  | *Rage rElec rF+++ Will+ Dex-3}
  3048 | D:5      | Found a transporter.
  3051 | D:5      | Found a transporter.
  3105 | D:5      | Found Qaom's Jewellery Emporium.
  3301 | D:5      | Reached XP level 8. HP: 60/63 MP: 8/8
  3530 | D:5      | Found a basalt altar of Yredelemnul.
  3711 | D:4      | Found a runed translucent door.
  3719 | D:4      | Noticed olmar's ghost (amateur GnWr)
  3879 | D:3      | Sigmund changed into Sigmund the jelly
  3879 | D:3      | Noticed Sigmund
  3882 | D:3      | Killed Sigmund the jelly
  3883 | D:3      | Reached skill level 6 in Short Blades
  4004 | D:3      | Noticed Jessica
  4008 | D:3      | Killed Jessica
  4332 | D:3      | Killed Crazy Yiuf
  4499 | D:4      | Killed olmar's ghost
  4500 | D:4      | Reached skill level 7 in Short Blades
  4500 | D:4      | Reached skill level 1 in Throwing
  4500 | D:4      | Reached skill level 1 in Shields
  4500 | D:4      | Reached skill level 1 in Evocations
  4676 | D:6      | Found a staircase to the Ecumenical Temple.
  4684 | Temple   | Entered the Ecumenical Temple
  4770 | Temple   | Became a worshipper of Gozag Ym Sagoz the Greedy
  4975 | D:6      | Noticed Menkaure
  5086 | D:6      | Killed Menkaure
  5087 | D:6      | Reached XP level 9. HP: 36/69 MP: 9/9
  5223 | D:6      | Reached skill level 8 in Short Blades
  5359 | D:6      | Found a snail-covered altar of Cheibriados.
  5361 | D:6      | Found a sacrificial altar of Ru.
  5363 | D:6      | Found a blossoming altar of Fedhas.
  5552 | D:6      | Identified the +4 spear of Termination {freeze, rElec rCorr
                  | Str+3}
  5701 | D:6      | Noticed Prince Ribbit
  5709 | D:6      | Killed Prince Ribbit
  6208 | D:5      | Reached skill level 9 in Short Blades
  6216 | D:5      | Killed Drain's ghost
  6217 | D:5      | Reached skill level 5 in Shields
  6616 | D:7      | Found Nenimiut's Book Boutique.
  7327 | D:8      | Reached skill level 10 in Short Blades
  7327 | D:8      | Reached XP level 10. HP: 38/77 MP: 10/10
  7503 | D:8      | Reached skill level 1 in Stealth
  7641 | D:8      | Reached skill level 5 in Armour
  7654 | D:8      | Found a shimmering altar of Xom.
  7898 | D:9      | Noticed a two-headed ogre
  8279 | D:10     | Entered Level 10 of the Dungeon
  8476 | D:10     | Learned a level 2 spell: Ensorcelled Hibernation
  8716 | D:10     | Reached skill level 1 in Ice Magic
  8987 | D:1      | Bought a potion of heal wounds for 65 gold pieces
  8987 | D:1      | Bought a condenser vane for 520 gold pieces
  9488 | D:10     | Found a bloodstained altar of Trog.
  9581 | D:11     | Noticed Erica
  9597 | D:11     | Reached skill level 11 in Short Blades
  9681 | D:11     | Reached skill level 1 in Spellcasting
  9774 | D:11     | Found a staircase to the Lair.
  9774 | D:11     | Noticed an oklob plant
  9775 | D:11     | Noticed an oklob plant
  9775 | D:11     | Noticed an oklob plant
  9783 | D:11     | Killed an oklob plant
  9784 | D:11     | Reached skill level 1 in Hexes
  9795 | D:11     | Killed an oklob plant
  9796 | D:11     | Reached XP level 11. HP: 61/84 MP: 13/13
  9881 | D:11     | Killed an oklob plant
  9914 | D:12     | Found a frozen archway.
  9928 | IceCv    | Entered an ice cave
 10244 | IceCv    | HP: 6/127 [polar bear (19)]
 10245 | IceCv    | Slain by a polar bear

Illustrated notes

Levels and vault maps discovered:
D:1:      dpeg_arrival_rooms_c, layout_basic, serial_shops,
          nicolae_diamond_shop, roderic_serpentine_path, skrybe_limestone_x
D:2:      layout_loops_ring
D:3:      layout_loops_corners, uniq_crazy_yiuf_cottage, uniq_sigmund,
          uniq_jessica
D:4:      cheibrodos_old_hovel, layout_basic, nicolae_elyvilon_temple_path,
          ebering_ghost_sewer_d, minmay_manual_monolith
D:5:      layout_basic, lemuel_zombie_altar_yredelemnul, gammafunk_ghost_smash,
          serial_shops, nicolae_shop_competitors_out_of_business
D:6:      layout_basic, grunt_temple_overflow_open, minmay_temple_entry_wispy,
          uniq_prince_ribbit1, uniq_menkaure
D:7:      layout_basic, serial_shops, nicolae_shop_just_a_little_nook
D:8:      layout_loops_ring, tgw_xom
D:9:      layout_cave_pools, orc_0_dummy
D:10:     layout_loops_ring, lemuel_crystal_altar, serial_glass,
          glass_columns_c, glass_columns_a,
          nicolae_concentric_dashed_squares_wild, nicolae_hexahallways
D:11:     layout_basic, dpeg_oklobed_lair, uniq_erica
D:12:     layout_loops_ring, portal_ice_cave_entry_pillars_2,
          grunt_ministairs_11, nicolae_take_the_stairs, uniq_josephine
Temple:   regret_index_temple_waves
IceCv:    ice_cave_caverns_01

Skill      XL: |  1  2  3  4  5  6  7  8  9 10 11 |
---------------+----------------------------------+-----
Long Blades    | 4 |  4.8
Fighting       | 4 5 6 7 |  7.7
Armour         | 1 2 3 4 5 |  5.5
Short Blades   | 2 3 5 7 10 11 | 11.5
Dodging        | 5 6 7 |  7.2
Throwing       | 1 |  1.6
Shields        | 2 6 7 8 |  8.2
Evocations     | 1 2 |  2.5
Stealth        | 1 2 |  2.6
Ice Magic      | 2 |  2.8
Spellcasting   | 1 2 |  2.3
Hexes          | 1 |  1.9

Action                     |  1- 3 |  4- 6 |  7- 9 | 10-12 || total
---------------------------+-------+-------+-------+-------++-------
  Melee: Falchion          |    76 |     8 |       |       ||    84
         Rapier            |       |    64 |   259 |   261 ||   584
         Tailslap          |       |       |     1 |     1 ||     2
  Throw: Dart              |       |       |     6 |       ||     6
         Boomerang         |       |       |     2 |     4 ||     6
 Invoke: Potion Petition   |       |       |       |     1 ||     1
  Evoke: Wand              |       |       |     1 |       ||     1
    Use: Potion            |       |       |       |     2 ||     2
   Stab: Distracted        |       |       |     1 |     1 ||     2
 Armour: Ring mail         |    15 |       |       |       ||    15
         Scale mail        |       |    18 |    62 |    27 ||   107
         Leather armour    |       |       |       |    23 ||    23
  Dodge: Dodged            |    51 |    34 |    91 |   111 ||   287
  Block: Buckler           |       |       |    24 |    92 ||   116
         Reflection        |       |       |       |     2 ||     2
